[Event "ONJK-DE 2019"]
[Site "Borne"]
[Date "2019.08.05"]
[Round "1.1"]
[White "Pick, Max"]
[Black "Bollow, Niels Fredrik"]
[Result "1-0"]
[ECO "A29"]
[WhiteElo "1515"]
[BlackElo "913"]
[Annotator "NA"]
[PlyCount "83"]
[EventDate "2019.08.05"]
[EventType "swiss"]
[EventCountry "NED"]
[SourceTitle "playchess.com"]
[Source "ChessBase"]
[SourceQuality "1"]
[TimeControl "2400+30"]

1. Nf3 Nc6 2. c4 Nf6 3. g3 e5 4. Bg2 d6 5. Nc3 Bf5 6. d4 exd4 7. Nxd4 Nxd4 8. Qxd4 d5 9. Nxd5 Nxd5 10. Qxd5 Be6 11. Qxb7 Rb8 12. Qc6+ Bd7 13. Qe4+ Be7 14. O-O f5 15. Qe5 Ba4 16. b3 Bd7 17. Bg5 f4 18. Bxf4 Rb6 19. Rad1 Re6 20. Qxe6 Bxe6 21. Rxd8+ Kxd8 22. Rd1+ Kc8 23. Rd4 Bg4 24. h3 Bf5 25. g4 Bb1 26. Bc6 g5 27. Be5 Rf8 28. Rd7 Bc5 29. Rxc7+ Kd8 30. Rd7+ Kc8 31. Rc7+ Kd8 32. Bf3 Bd4 33. Bd6 Rf6 34. c5 Bxa2 35. e3 Rxf3 36. exd4 Rxb3 37. Rxa7 Rb1+ 38. Kh2 Rb2 39. c6 Rxf2+ 40. Kg3 Rb2 41. Ra8+ Rb8 42. Rxb8# 1-0

[Event "ONJK-DE 2019"]
[Site "Borne"]
[Date "2019.08.05"]
[Round "1.2"]
[White "Boumphrey, Luke S"]
[Black "Wieggers, Wouter"]
[Result "1/2-1/2"]
[ECO "A48"]
[WhiteElo "1926"]
[BlackElo "1288"]
[Annotator "NA"]
[PlyCount "72"]
[EventDate "2019.08.05"]
[EventType "swiss"]
[EventCountry "NED"]
[SourceTitle "playchess.com"]
[Source "ChessBase"]
[SourceQuality "1"]
[TimeControl "2400+30"]

1. d4 Nf6 2. Nf3 g6 3. Bg5 Bg7 4. Nc3 O-O 5. e3 d6 6. Bb5 c6 7. Bd3 c5 8. O-O Nc6 9. Bxf6 Bxf6 10. Be4 Bg4 11. Bxc6 bxc6 12. h3 Bd7 13. Re1 cxd4 14. exd4 Rb8 15. Rb1 Bg7 16. Qe2 e6 17. a3 Qb6 18. Qe3 c5 19. dxc5 Qxc5 20. Qxc5 dxc5 21. Re3 Bc6 22. b3 Bh6 23. Rd3 Bg7 24. Ne2 Bb5 25. Re3 Bh6 26. Re4 f5 27. Rxe6 Kf7 28. Re5 Bg7 29. Re3 Bh6 30. Re5 Bg7 31. Re3 Bh6 32. Re5 Bg7 33. Re3 Bh6 34. Re5 Bg7 35. Re3 Bh6 36. Re5 Bg7 1/2-1/2

[Event "ONJK-DE 2019"]
[Site "Borne"]
[Date "2019.08.05"]
[Round "1.3"]
[White "Van Leeuwen, Robin"]
[Black "Knol, Jeffrey"]
[Result "1-0"]
[ECO "B20"]
[WhiteElo "1446"]
[BlackElo "1111"]
[Annotator "NA"]
[PlyCount "23"]
[EventDate "2019.08.05"]
[EventType "swiss"]
[EventCountry "NED"]
[SourceTitle "playchess.com"]
[Source "ChessBase"]
[SourceQuality "1"]
[TimeControl "2400+30"]

1. e4 c5 2. a3 d6 3. b4 b6 4. Bc4 Bb7 5. Nc3 Nd7 6. Bb2 e6 7. d3 Ne7 8. bxc5 Nxc5 9. d4 Nd7 10. Bd3 g6 11. Nb5 d5 12. Nd6# 1-0

[Event "ONJK-DE 2019"]
[Site "Borne"]
[Date "2019.08.05"]
[Round "1.4"]
[White "Van de Poel, Jona"]
[Black "Froeyman, Hugo"]
[Result "0-1"]
[ECO "B18"]
[WhiteElo "843"]
[BlackElo "1598"]
[Annotator "NA"]
[PlyCount "52"]
[EventDate "2019.08.05"]
[EventType "swiss"]
[EventCountry "NED"]
[SourceTitle "playchess.com"]
[Source "ChessBase"]
[SourceQuality "1"]
[TimeControl "2400+30"]

1. e4 c6 2. d4 d5 3. Nc3 dxe4 4. Nxe4 Bf5 5. Ng3 Bg6 6. Bc4 Nf6 7. Nf3 Nbd7 8. O-O e6 9. Bg5 Be7 10. Nd2 O-O 11. Re1 h6 12. Bf4 Nb6 13. c3 Nbd5 14. Be5 Nd7 15. Qg4 Nxe5 16. Rxe5 Bf6 17. Re2 Bg5 18. Nde4 f5 19. Qh3 Nf4 20. Bxe6+ Kh8 21. Nxf5 Nxh3+ 22. gxh3 Bxf5 23. Bxf5 Rxf5 24. Ng3 Rf8 25. Rae1 Qd7 26. Kg2 Qf7 0-1

[Event "ONJK-DE 2019"]
[Site "Borne"]
[Date "2019.08.05"]
[Round "1.5"]
[White "Ponomarev, Ivan"]
[Black "Henckens, Elof"]
[Result "1-0"]
[ECO "B01"]
[WhiteElo "1317"]
[BlackElo "832"]
[Annotator "NA"]
[PlyCount "95"]
[EventDate "2019.08.05"]
[EventType "swiss"]
[EventCountry "NED"]
[SourceTitle "playchess.com"]
[Source "ChessBase"]
[SourceQuality "1"]
[TimeControl "2400+30"]

1. e4 c6 2. d4 d5 3. Nc3 dxe4 4. Nxe4 Nf6 5. Nxf6+ gxf6 6. Bc4 Bf5 7. Nf3 Qc7 8. Be3 e6 9. Qd2 Nd7 10. O-O-O O-O-O 11. Bf4 Bd6 12. Bxd6 Qxd6 13. Rhe1 Nb6 14. Bd3 Bg6 15. Qa5 Kb8 16. Bxg6 fxg6 17. Rd3 Rhe8 18. Ra3 Nc8 19. Ree3 a6 20. Reb3 Qf4+ 21. Kb1 Rxd4 22. Nxd4 Qxd4 23. Qe1 Rd8 24. Rd3 Qb6 25. Rxd8 Qxd8 26. Rd3 Qe7 27. Re3 e5 28. f4 Qd6 29. fxe5 fxe5 30. Rxe5 Kc7 31. Re8 Qxh2 32. Qe5+ Qxe5 33. Rxe5 Kd7 34. Re3 Nd6 35. Rh3 h5 36. Rg3 Nf5 37. Rxg6 h4 38. Rg5 Ke6 39. c4 Ke5 40. Kc2 Kf4 41. Rg8 Ne3+ 42. Kd3 Ng4 43. b3 Ne5+ 44. Kd4 Nf3+ 45. gxf3 Kxf3 46. Rh8 Kg3 47. Kc5 h3 48. Kb6 1-0

[Event "ONJK-DE 2019"]
[Site "Borne"]
[Date "2019.08.05"]
[Round "1.6"]
[White "Elferink, Leon"]
[Black "Van Egmond, Tom"]
[Result "1/2-1/2"]
[ECO "A04"]
[WhiteElo "821"]
[BlackElo "1358"]
[Annotator "NA"]
[PlyCount "132"]
[EventDate "2019.08.05"]
[EventType "swiss"]
[EventCountry "NED"]
[SourceTitle "playchess.com"]
[Source "ChessBase"]
[SourceQuality "1"]
[TimeControl "2400+30"]

1. Nf3 c5 2. g3 Nf6 3. d3 d5 4. Bg2 Nc6 5. c3 Bf5 6. Bg5 e6 7. Nbd2 h6 8. Bxf6 Qxf6 9. Qb3 Rb8 10. O-O b5 11. a3 c4 12. Qc2 Be7 13. e4 cxd3 14. Qxd3 Bh7 15. Qe3 dxe4 16. Nxe4 Qf5 17. Nfd2 O-O 18. Qf3 Ne5 19. Qxf5 Bxf5 20. Rfd1 Rfd8 21. b4 Rbc8 22. f4 Ng4 23. Rac1 Rd3 24. h3 Ne3 25. Re1 Nd5 26. Bf1 Re3 27. Rxe3 Nxe3 28. Bxb5 Bxh3 29. Kf2 Nd5 30. Bf1 Bxf1 31. Kxf1 f5 32. Nf2 Rxc3 33. Rxc3 Nxc3 34. Nd3 Nb5 35. Nb1 g5 36. Kf2 Kg7 37. Ke3 Kf6 38. a4 Nd6 39. Nc5 Nc4+ 40. Kd4 Nb6 41. a5 Nc8 42. Nd7+ Kg7 43. b5 gxf4 44. gxf4 h5 45. Nd2 Bd8 46. a6 Nd6 47. b6 axb6 48. a7 Nb5+ 49. Ke5 Nxa7 50. Kxe6 Bc7 51. Kxf5 Kh6 52. Ke4 h4 53. Nf3 h3 54. f5 h2 55. Nxh2 Bxh2 56. Nxb6 Kg7 57. Kd5 Kf6 58. Ke4 Nc6 59. Nd5+ Kf7 60. f6 Nd8 61. Kf5 Ne6 62. Nb4 Nd4+ 63. Kg5 Be5 64. Nd5 Ke6 65. Nf4+ Bxf4+ 66. Kxf4 Kxf6 1/2-1/2

[Event "ONJK-DE 2019"]
[Site "Borne"]
[Date "2019.08.05"]
[Round "1.7"]
[White "Koene, Noel"]
[Black "Meijboom, David"]
[Result "1-0"]
[ECO "C50"]
[WhiteElo "1638"]
[BlackElo "787"]
[Annotator "NA"]
[PlyCount "61"]
[EventDate "2019.08.05"]
[EventType "swiss"]
[EventCountry "NED"]
[SourceTitle "playchess.com"]
[Source "ChessBase"]
[SourceQuality "1"]
[TimeControl "2400+30"]

1. e4 e5 2. Nf3 Nc6 3. Bc4 Bc5 4. d3 d6 5. Ng5 Qf6 6. Bxf7+ Kf8 7. O-O h6 8. Bxg8 hxg5 9. Bd5 Qh6 10. Qf3+ Ke8 11. Qg3 Nd4 12. Nc3 Bb4 13. Kh1 Bxc3 14. h3 Ne2 15. Qf3 Nxc1 16. bxc3 g4 17. Qd1 gxh3 18. g3 Nxa2 19. Bxa2 Qf6 20. f4 h2 21. fxe5 Qxe5 22. Qf3 Be6 23. d4 Qf6 24. Qxf6 gxf6 25. Bxe6 Ke7 26. Bc4 Rag8 27. Bxg8 Rxg8 28. Kxh2 a6 29. Rfb1 Rb8 30. Kg2 Kd7 31. Rxa6 1-0

[Event "ONJK-DE 2019"]
[Site "Borne"]
[Date "2019.08.05"]
[Round "1.8"]
[White "Damen, Josephine"]
[Black "Feng, Elysia"]
[Result "0-1"]
[ECO "C50"]
[WhiteElo "782"]
[BlackElo "1314"]
[Annotator "NA"]
[PlyCount "106"]
[EventDate "2019.08.05"]
[EventType "swiss"]
[EventCountry "NED"]
[SourceTitle "playchess.com"]
[Source "ChessBase"]
[SourceQuality "1"]
[TimeControl "2400+30"]

1. e4 e5 2. Nf3 Nc6 3. Bc4 Bc5 4. d3 h6 5. Be3 Bb6 6. Nc3 Nf6 7. O-O d6 8. Ne2 Bg4 9. Ng3 O-O 10. c3 Re8 11. d4 exd4 12. cxd4 Nxe4 13. Re1 Nxg3 14. fxg3 Qf6 15. h3 Bxf3 16. Qxf3 Bxd4 17. Qxf6 Bxf6 18. Bd2 Bxb2 19. Rxe8+ Rxe8 20. Rf1 Bf6 21. Bxh6 Re4 22. Bd5 Rd4 23. Bxc6 bxc6 24. Be3 Ra4 25. Rf2 Ra3 26. Re2 c5 27. g4 Ra4 28. Kh2 Re4 29. Kg3 Rc4 30. h4 Rc3 31. Kf4 Rc4+ 32. Kf5 Bxh4 33. g5 Bg3 34. g6 Be5 35. g3 fxg6+ 36. Kxg6 Rg4+ 37. Bg5 Rxg3 38. Re1 Kf8 39. Rf1+ Bf6 40. Kh5 Rxg5+ 41. Kh4 Rf5+ 42. Kg4 Rxf1 43. a3 c4 44. Kg3 Rf5 45. Kg4 g6 46. a4 Ke7 47. a5 Ke6 48. a6 Ke5 49. Kg3 Ke4 50. Kg2 Ke3 51. Kg1 Ke2 52. Kh1 Kf2 53. Kh2 Rh5# 0-1

[Event "ONJK-DE 2019"]
[Site "Borne"]
[Date "2019.08.05"]
[Round "1.9"]
[White "Kazarjan, Gachatur"]
[Black "Van Sighem, Niels"]
[Result "1-0"]
[ECO "C45"]
[WhiteElo "1490"]
[BlackElo "629"]
[Annotator "NA"]
[PlyCount "45"]
[EventDate "2019.08.05"]
[EventType "swiss"]
[EventCountry "NED"]
[SourceTitle "playchess.com"]
[Source "ChessBase"]
[SourceQuality "1"]
[TimeControl "2400+30"]

1. e4 e5 2. Nf3 Nc6 3. d4 exd4 4. Nxd4 Nxd4 5. Qxd4 Nf6 6. e5 Nh5 7. g4 Ng3 8. hxg3 b6 9. Bg2 Bc5 10. Qd3 Rb8 11. Rxh7 Rg8 12. Nc3 d6 13. Bf4 b5 14. O-O-O Ba6 15. Nd5 c6 16. Nf6+ gxf6 17. Bxc6+ Ke7 18. Rxf7+ Kxf7 19. Qh7+ Rg7 20. Bd5+ Kf8 21. Qh8+ Ke7 22. Qxg7+ Ke8 23. Qf7# 1-0

[Event "ONJK-DE 2019"]
[Site "Borne"]
[Date "2019.08.05"]
[Round "1.10"]
[White "Vleming, Josefien"]
[Black "Arnold, Rhys"]
[Result "0-1"]
[ECO "B50"]
[WhiteElo "584"]
[BlackElo "1604"]
[Annotator "NA"]
[PlyCount "78"]
[EventDate "2019.08.05"]
[EventType "swiss"]
[EventCountry "NED"]
[SourceTitle "playchess.com"]
[Source "ChessBase"]
[SourceQuality "1"]
[TimeControl "2400+30"]

1. e4 c5 2. Nf3 Nc6 3. Nc3 d6 4. Bc4 Nf6 5. d3 e6 6. Bg5 Be7 7. O-O O-O 8. Re1 h6 9. Bh4 e5 10. Nd5 Nxd5 11. Bxe7 Ndxe7 12. Nh4 Na5 13. Re3 Nec6 14. Nf5 Bxf5 15. exf5 Nxc4 16. Rg3 Nb6 17. Qg4 Qf6 18. f4 Rad8 19. c3 Nd5 20. d4 cxd4 21. cxd4 exf4 22. Rh3 Qxd4+ 23. Kh1 Qxb2 24. Rg1 Qf6 25. g3 Qg5 26. Qf3 Qxf5 27. Rh5 Ne5 28. Qd1 Qe6 29. gxf4 Nxf4 30. Rh4 Nfg6 31. Rb4 Qf6 32. Rxb7 Qf3+ 33. Qxf3 Nxf3 34. Rg3 Nfe5 35. Rxa7 Ra8 36. Rga3 Rxa7 37. Rxa7 Rc8 38. a4 Nf4 39. a5 Rc1# 0-1

[Event "ONJK-DE 2019"]
[Site "Borne"]
[Date "2019.08.05"]
[Round "1.11"]
[White "Cappan, Stan"]
[Black "Van Groning, Christian"]
[Result "1-0"]
[ECO "C46"]
[WhiteElo "1319"]
[BlackElo "581"]
[Annotator "NA"]
[PlyCount "35"]
[EventDate "2019.08.05"]
[EventType "swiss"]
[EventCountry "NED"]
[SourceTitle "playchess.com"]
[Source "ChessBase"]
[SourceQuality "1"]
[TimeControl "2400+30"]

1. e4 e5 2. Nf3 Nc6 3. Nc3 Bb4 4. a3 Ba5 5. b4 Bb6 6. Bc4 Nf6 7. d3 Nd4 8. Nxe5 Rf8 9. Bg5 d6 10. Nf3 Nxf3+ 11. Qxf3 Bg4 12. Bxf6 Qxf6 13. Qxg4 Qxf2+ 14. Kd1 Qd4 15. Kd2 g6 16. Nd5 h5 17. Qg5 c6 18. Qe7# 1-0

[Event "ONJK-DE 2019"]
[Site "Borne"]
[Date "2019.08.05"]
[Round "1.12"]
[White "Bos, Yaro"]
[Black "De Rycke, Killian"]
[Result "0-1"]
[ECO "C01"]
[WhiteElo "553"]
[BlackElo "1319"]
[Annotator "NA"]
[PlyCount "120"]
[EventDate "2019.08.05"]
[EventType "swiss"]
[EventCountry "NED"]
[SourceTitle "playchess.com"]
[Source "ChessBase"]
[SourceQuality "1"]
[TimeControl "2400+30"]

1. e4 e6 2. d4 d5 3. exd5 exd5 4. Bb5+ Bd7 5. Qe2+ Qe7 6. Bxd7+ Nxd7 7. Nc3 Qxe2+ 8. Ncxe2 c5 9. Nf3 Ngf6 10. Bg5 Be7 11. O-O O-O 12. Ne5 Rfe8 13. Bxf6 Nxf6 14. Nd3 cxd4 15. Nxd4 Rac8 16. Rfe1 Kf8 17. Re2 Bc5 18. Rxe8+ Nxe8 19. Nb3 Bb6 20. Rd1 Rxc2 21. Ne1 Bxf2+ 22. Kf1 Bxe1 23. Kxe1 Rxb2 24. Rxd5 Rxa2 25. Kf1 Rb2 26. Nc5 Nf6 27. Nd7+ Nxd7 28. Rxd7 Rb1+ 29. Kf2 a5 30. Rd8+ Ke7 31. Ra8 Ra1 32. Ra7 Ra2+ 33. Kg1 a4 34. Rxb7+ Kf6 35. h3 Kg6 36. Rb6+ f6 37. Kh2 a3 38. Rb1 Rb2 39. Ra1 a2 40. Kg3 Kf5 41. Kf3 Ke5 42. g4 Kd4 43. Kf4 Kc3 44. Kf5 Kb3 45. Ke6 Rb1 46. Rxa2 Kxa2 47. Kf7 Rh1 48. Kxg7 Rxh3 49. Kxf6 Rg3 50. Kg5 h5 51. Kxh5 Kb3 52. g5 Kc4 53. g6 Kd5 54. Kh6 Ke6 55. Kh7 Kf6 56. g7 Rxg7+ 57. Kh8 Rg2 58. Kh7 Rg1 59. Kh8 Kf7 60. Kh7 Rh1# 0-1

[Event "ONJK-DE 2019"]
[Site "Borne"]
[Date "2019.08.05"]
[Round "1.13"]
[White "Mainka, Ingmar"]
[Black "Sigida, Ilya"]
[Result "1-0"]
[ECO "C45"]
[WhiteElo "1287"]
[BlackElo "533"]
[Annotator "NA"]
[PlyCount "49"]
[EventDate "2019.08.05"]
[EventType "swiss"]
[EventCountry "NED"]
[SourceTitle "playchess.com"]
[Source "ChessBase"]
[SourceQuality "1"]
[TimeControl "2400+30"]

1. e4 e5 2. Nf3 Nc6 3. d4 exd4 4. Nxd4 Nxd4 5. Qxd4 Nf6 6. e5 Qe7 7. Be2 c5 8. exf6 gxf6 9. Qe3 Qxe3 10. Bxe3 b6 11. Bf3 Rb8 12. O-O Bb7 13. Bf4 Rg8 14. Bxb8 Bxf3 15. Bg3 Bb7 16. Nc3 Bd6 17. Rad1 Bxg3 18. fxg3 h5 19. Nd5 Rg5 20. Nxf6+ Kf8 21. Nh7+ Kg7 22. Nxg5 f6 23. Rxd7+ Kg6 24. Nh7 Be4 25. Rxf6# 1-0

[Event "ONJK-DE 2019"]
[Site "Borne"]
[Date "2019.08.05"]
[Round "1.14"]
[White "Elferink, Duncan"]
[Black "Madularea, David"]
[Result "0-1"]
[ECO "B56"]
[WhiteElo "518"]
[BlackElo "1234"]
[Annotator "NA"]
[PlyCount "66"]
[EventDate "2019.08.05"]
[EventType "swiss"]
[EventCountry "NED"]
[SourceTitle "playchess.com"]
[Source "ChessBase"]
[SourceQuality "1"]
[TimeControl "2400+30"]

1. e4 c5 2. Nf3 Nc6 3. d4 cxd4 4. Nxd4 Nf6 5. Nc3 d6 6. Nxc6 bxc6 7. Bd3 e5 8. O-O Be6 9. Bg5 Be7 10. Bxf6 Bxf6 11. b3 d5 12. exd5 cxd5 13. Bb5+ Kf8 14. Bc6 Rc8 15. Bxd5 Rxc3 16. Bxe6 Qxd1 17. Rfxd1 fxe6 18. Rac1 Ke7 19. Rd2 Bg5 20. Rcd1 Bxd2 21. Rxd2 Rhc8 22. g3 Rxc2 23. Rxc2 Rxc2 24. a4 Kf6 25. b4 Kg5 26. Kg2 e4 27. Kf1 Kg4 28. h3+ Kf3 29. Ke1 Rxf2 30. b5 e3 31. a5 Ra2 32. Kd1 e2+ 33. Ke1 Ke3 0-1

[Event "ONJK-DE 2019"]
[Site "Borne"]
[Date "2019.08.06"]
[Round "2.1"]
[White "Coffeng, Jay"]
[Black "Pick, Max"]
[Result "0-1"]
[ECO "C11"]
[WhiteElo "1185"]
[BlackElo "1515"]
[Annotator "NA"]
[PlyCount "182"]
[EventDate "2019.08.05"]
[EventType "swiss"]
[EventCountry "NED"]
[SourceTitle "playchess.com"]
[Source "ChessBase"]
[SourceQuality "1"]
[TimeControl "2400+30"]

1. e4 e6 2. d4 d5 3. Nc3 Nf6 4. e5 Nfd7 5. Bb5 c6 6. Ba4 b5 7. Bb3 Ba6 8. Nce2 c5 9. c3 Nc6 10. f4 Rc8 11. Nf3 Nb6 12. Bd2 b4 13. Bc2 bxc3 14. Bxc3 cxd4 15. Nexd4 Bc5 16. f5 Bxd4 17. Bxd4 Nb4 18. Rc1 Rxc2 19. Rxc2 Nd3+ 20. Kd2 Nc4+ 21. Rxc4 dxc4 22. Qa4+ Qd7 23. Qxa6 Nxe5 24. Qxa7 Nxf3+ 25. gxf3 Qxa7 26. Bxa7 exf5 27. Re1+ Kd7 28. Bd4 f6 29. Rg1 g6 30. Bxf6 Ra8 31. a3 Ke6 32. Bd4 Kd5 33. Kc3 Rb8 34. Re1 Rb3+ 35. Kc2 Kxd4 36. Rd1+ Kc5 37. Rd7 h6 38. f4 Rf3 39. Rg7 Rxf4 40. Rxg6 Rf2+ 41. Kc3 Rxh2 42. Rf6 Rh3+ 43. Kc2 Rh5 44. Kc3 Kd5 45. Kb4 Ke5 46. Rf8 Rh2 47. Kxc4 Rxb2 48. a4 Ke4 49. Re8+ Kf3 50. Kd3 Ra2 51. Rh8 Rxa4 52. Rxh6 Rg4 53. Re6 f4 54. Kd2 Rg2+ 55. Ke1 Ra2 56. Rg6 Ra4 57. Rg7 Ke3 58. Re7+ Kf3 59. Rg7 Ra1+ 60. Kd2 Kf2 61. Rg8 f3 62. Rg7 Rg1 63. Rf7 Rg3 64. Re7 Kg2 65. Rf7 Kf1 66. Kd1 f2 67. Kd2 Rg2 68. Rf3 Kg1 69. Rxf2 Rxf2+ 70. Ke3 Kg2 71. Ke4 Rf3 72. Ke5 Kg3 73. Ke4 Kg4 74. Ke5 Rf4 75. Kd5 Kf5 76. Kd6 Re4 77. Kd5 Ra4 78. Kd6 Ra5 79. Kc6 Ke6 80. Kb6 Rd5 81. Kc6 Rd1 82. Kc5 Rd8 83. Kc4 Ke5 84. Kc3 Ke4 85. Kc2 Ke3 86. Kc1 Rd2 87. Kb1 Kd3 88. Kc1 Kc3 89. Kb1 Rd1+ 90. Ka2 Rh1 91. Ka3 Ra1# 0-1

[Event "ONJK-DE 2019"]
[Site "Borne"]
[Date "2019.08.06"]
[Round "2.2"]
[White "Yeh, Nora"]
[Black "Van Leeuwen, Robin"]
[Result "1/2-1/2"]
[ECO "D02"]
[WhiteElo "1459"]
[BlackElo "1446"]
[Annotator "NA"]
[PlyCount "53"]
[EventDate "2019.08.05"]
[EventType "swiss"]
[EventCountry "NED"]
[SourceTitle "playchess.com"]
[Source "ChessBase"]
[SourceQuality "1"]
[TimeControl "2400+30"]

1. d4 d5 2. Nf3 Nf6 3. Bf4 e6 4. e3 Bd7 5. c4 c6 6. Nc3 Be7 7. Bd3 O-O 8. O-O Nh5 9. Be5 Nf6 10. Rc1 Bc8 11. Qc2 Nbd7 12. cxd5 exd5 13. Bxf6 Nxf6 14. Ne5 Re8 15. f4 h6 16. Rf3 Be6 17. Rg3 Rc8 18. f5 Bd7 19. Ne2 Bd6 20. Nxd7 Qxd7 21. Rf3 c5 22. dxc5 Bxc5 23. Qd2 Ng4 24. Nd4 Bb6 25. Bb5 Qe7 26. Bxe8 Rxe8 27. Re1 1/2-1/2

[Event "ONJK-DE 2019"]
[Site "Borne"]
[Date "2019.08.06"]
[Round "2.3"]
[White "Froeyman, Hugo"]
[Black "Folkers, Sono"]
[Result "1-0"]
[ECO "C66"]
[WhiteElo "1598"]
[BlackElo "1035"]
[Annotator "NA"]
[PlyCount "73"]
[EventDate "2019.08.05"]
[EventType "swiss"]
[EventCountry "NED"]
[SourceTitle "playchess.com"]
[Source "ChessBase"]
[SourceQuality "1"]
[TimeControl "2400+30"]

1. e4 e5 2. Nf3 Nc6 3. Nc3 Nf6 4. Bb5 d6 5. O-O Bd7 6. d4 Bg4 7. dxe5 Bxf3 8. Qxf3 dxe5 9. Bg5 Qd6 10. Rad1 Qe6 11. Bxf6 Qxf6 12. Qxf6 gxf6 13. Nd5 O-O-O 14. Bxc6 bxc6 15. Nxf6 Be7 16. Ng4 f6 17. Nh6 Rhf8 18. Nf5 Bc5 19. a3 Rg8 20. b4 Bd4 21. c3 Bb6 22. Ne7+ Kb7 23. Nxg8 Rxg8 24. c4 c5 25. b5 Rg4 26. f3 Rg8 27. Rd7 h6 28. Rfd1 a6 29. a4 Ba5 30. R7d5 Bb6 31. h4 a5 32. Kh2 Ba7 33. Kh3 Bb6 34. g4 Ba7 35. Rd8 Rg6 36. h5 Rg5 37. Rh8 1-0

[Event "ONJK-DE 2019"]
[Site "Borne"]
[Date "2019.08.06"]
[Round "2.4"]
[White "Zoet, Otto"]
[Black "Ponomarev, Ivan"]
[Result "0-1"]
[ECO "B33"]
[WhiteElo "1146"]
[BlackElo "1317"]
[Annotator "NA"]
[PlyCount "90"]
[EventDate "2019.08.05"]
[EventType "swiss"]
[EventCountry "NED"]
[SourceTitle "playchess.com"]
[Source "ChessBase"]
[SourceQuality "1"]
[TimeControl "2400+30"]

1. e4 c5 2. Nf3 e6 3. d4 cxd4 4. Nxd4 Nf6 5. Nc3 Nc6 6. Ndb5 d6 7. Bf4 e5 8. Bg5 a6 9. Na3 b5 10. Nd5 Be7 11. Bxf6 gxf6 12. c3 f5 13. Qf3 fxe4 14. Qxe4 Bb7 15. O-O-O Rc8 16. Be2 Nd4 17. Bg4 f5 18. Bxf5 Bxd5 19. Qg4 Nxf5 20. Qh5+ Bf7 21. Qxf5 Bg5+ 22. Rd2 b4 23. Nb1 Bxd2+ 24. Kxd2 Bg6 25. Qe6+ Qe7 26. Qxc8+ Qd8 27. Qxa6 Qg5+ 28. Ke2 Qg4+ 29. Kd2 Qf4+ 30. Ke2 Qe4+ 31. Kd2 Qf4+ 32. Kd1 Qg4+ 33. Kc1 Qxg2 34. Rd1 Qg5+ 35. Nd2 Qf5 36. Qa4+ Ke7 37. c4 Ra8 38. Qb3 Rxa2 39. Nb1 Qxb1+ 40. Kd2 Rxb2+ 41. Ke1 Rxb3 42. Kf1 Qxd1+ 43. Kg2 Be4+ 44. f3 Qxf3+ 45. Kg1 Rb1# 0-1

[Event "ONJK-DE 2019"]
[Site "Borne"]
[Date "2019.08.06"]
[Round "2.5"]
[White "Broos, Oscar"]
[Black "Koene, Noel"]
[Result "1-0"]
[ECO "B30"]
[WhiteElo "1012"]
[BlackElo "1638"]
[Annotator "NA"]
[PlyCount "123"]
[EventDate "2019.08.05"]
[EventType "swiss"]
[EventCountry "NED"]
[SourceTitle "playchess.com"]
[Source "ChessBase"]
[SourceQuality "1"]
[TimeControl "2400+30"]

1. e4 c5 2. Nf3 g6 3. Bc4 Bg7 4. Nc3 Nc6 5. d3 Nf6 6. Be3 d6 7. h3 O-O 8. O-O e6 9. Bg5 Qd7 10. Qd2 d5 11. exd5 exd5 12. Bb5 Re8 13. Rae1 a6 14. Bxc6 bxc6 15. Na4 Rxe1 16. Rxe1 Qd8 17. Nxc5 Ra7 18. Qe3 Ra8 19. Qe7 Qxe7 20. Rxe7 Bf8 21. Bxf6 Bxe7 22. Bxe7 Bb7 23. Bd6 Bc8 24. Ne5 Be6 25. Nxc6 h6 26. b4 Kh7 27. Nd4 a5 28. b5 Re8 29. b6 Bc8 30. b7 Bxb7 31. Nxb7 f5 32. Nxa5 Ra8 33. Ndc6 Re8 34. Be7 d4 35. Nc4 Ra8 36. a3 Kg7 37. Nd2 Ra6 38. Nxd4 Kf7 39. Bb4 Kf6 40. f4 g5 41. g3 h5 42. h4 gxf4 43. gxf4 Ra8 44. c4 Rd8 45. Be7+ Kxe7 46. Nc6+ Kd7 47. Nxd8 Kxd8 48. Nf3 Kc7 49. Ne5 Kd6 50. Kf2 Kc5 51. Ke3 Kb6 52. d4 Kc7 53. c5 Kc8 54. d5 Kc7 55. a4 Kb7 56. a5 Kc7 57. a6 Kc8 58. c6 Kc7 59. a7 Kd8 60. a8=Q+ Kc7 61. Qb7+ Kd6 62. c7 1-0

[Event "ONJK-DE 2019"]
[Site "Borne"]
[Date "2019.08.06"]
[Round "2.6"]
[White "Feng, Elysia"]
[Black "Ekker, Maxim"]
[Result "1/2-1/2"]
[ECO "C68"]
[WhiteElo "1314"]
[BlackElo "976"]
[Annotator "NA"]
[PlyCount "55"]
[EventDate "2019.08.05"]
[EventType "swiss"]
[EventCountry "NED"]
[SourceTitle "playchess.com"]
[Source "ChessBase"]
[SourceQuality "1"]
[TimeControl "2400+30"]

1. e4 e5 2. Nf3 Nc6 3. Bb5 d6 4. d4 a6 5. Bxc6+ bxc6 6. dxe5 Bg4 7. exd6 cxd6 8. h3 Be6 9. O-O g6 10. Bg5 Qb6 11. Bc1 c5 12. Nc3 Bg7 13. Rb1 Bxc3 14. Be3 Bf6 15. b4 Qc6 16. bxc5 dxc5 17. e5 Bg7 18. a3 f6 19. exf6 Bxf6 20. Qe2 Ne7 21. Rfe1 Bf7 22. Bg5 Bxg5 23. Nxg5 Qc7 24. Qe4 Ra7 25. Qe5 O-O 26. Nxf7 Kxf7 27. Qe6+ Kg7 28. Re3 1/2-1/2

[Event "ONJK-DE 2019"]
[Site "Borne"]
[Date "2019.08.06"]
[Round "2.7"]
[White "Ganeshram, Nirupa"]
[Black "Ekker, Joshua"]
[Result "0-1"]
[ECO "C44"]
[WhiteElo "973"]
[BlackElo "1450"]
[Annotator "NA"]
[PlyCount "80"]
[EventDate "2019.08.05"]
[EventType "swiss"]
[EventCountry "NED"]
[SourceTitle "playchess.com"]
[Source "ChessBase"]
[SourceQuality "1"]
[TimeControl "2400+30"]

1. e4 e5 2. d4 exd4 3. c3 dxc3 4. Bc4 Nc6 5. Nf3 Bb4 6. O-O Na5 7. Bb3 Nxb3 8. Qxb3 c2 9. Qxb4 cxb1=Q 10. Rxb1 Qe7 11. Qc3 Nf6 12. Qxc7 Nxe4 13. Re1 d5 14. Qxe7+ Kxe7 15. Bd2 Be6 16. Bb4+ Kd7 17. Ne5+ Ke8 18. f3 Nf6 19. Rbd1 a5 20. Bc5 Nd7 21. Nxd7 Kxd7 22. f4 Rac8 23. Rc1 Rhe8 24. Rf1 Bf5 25. Rfd1 Be4 26. Bb6 a4 27. Rd4 Rxc1+ 28. Kf2 Rc2+ 29. Kg3 Rxg2+ 30. Kh3 Rxb2 31. Bc5 Bf5+ 32. Kh4 Rxh2+ 33. Kg3 Rh3+ 34. Kf2 Be4 35. Rxa4 Rc8 36. Ra5 b6 37. Bxb6 Rc2+ 38. Kf1 Rh1+ 39. Bg1 Bg2+ 40. Ke1 Rxg1# 0-1

[Event "ONJK-DE 2019"]
[Site "Borne"]
[Date "2019.08.06"]
[Round "2.8"]
[White "De Jong, Quint"]
[Black "Van Steijn, Jefta"]
[Result "0-1"]
[ECO "D32"]
[WhiteElo "1260"]
[BlackElo "947"]
[Annotator "NA"]
[PlyCount "62"]
[EventDate "2019.08.05"]
[EventType "swiss"]
[EventCountry "NED"]
[SourceTitle "playchess.com"]
[Source "ChessBase"]
[SourceQuality "1"]
[TimeControl "2400+30"]

1. d4 Nf6 2. c4 e6 3. Nc3 d5 4. Nf3 c5 5. cxd5 exd5 6. dxc5 Bxc5 7. Bg5 O-O 8. Nxd5 Qxd5 9. Bxf6 Qxd1+ 10. Rxd1 gxf6 11. h4 Nc6 12. h5 Bg4 13. Rh4 Bxf3 14. gxf3 Bb4+ 15. Rd2 Rad8 16. Rxb4 Nxb4 17. e4 Rxd2 18. Kxd2 Nxa2 19. Kc2 Nb4+ 20. Kb3 Nc6 21. Bh3 Nd4+ 22. Kb4 Nxf3 23. Bg4 Ng5 24. Bf5 Re8 25. f3 Nxf3 26. Kc5 Re5+ 27. Kd6 Nd4 28. Kc7 Nxf5 29. exf5 Rxf5 30. Kxb7 Rb5+ 31. Kxa7 Rxb2 0-1

[Event "ONJK-DE 2019"]
[Site "Borne"]
[Date "2019.08.06"]
[Round "2.9"]
[White "Pereira Garza, Cecilia"]
[Black "Kazarjan, Gachatur"]
[Result "0-1"]
[ECO "C10"]
[WhiteElo "966"]
[BlackElo "1490"]
[Annotator "NA"]
[PlyCount "66"]
[EventDate "2019.08.05"]
[EventType "swiss"]
[EventCountry "NED"]
[SourceTitle "playchess.com"]
[Source "ChessBase"]
[SourceQuality "1"]
[TimeControl "2400+30"]

1. d4 e6 2. e4 d5 3. Nc3 Nc6 4. Nf3 Bb4 5. e5 f6 6. Bb5 a6 7. Bxc6+ bxc6 8. O-O c5 9. exf6 Nxf6 10. Re1 O-O 11. Bg5 Qd6 12. Qd3 cxd4 13. Nxd4 Qb6 14. Qe3 Bc5 15. Rad1 Ng4 16. Qe2 Bxd4 17. Qxg4 Bxf2+ 18. Kh1 Bxe1 19. Rxe1 Qf2 20. Rg1 a5 21. Qd1 Ba6 22. Qe1 Qb6 23. Na4 Qd4 24. Nc3 Kh8 25. Be3 Qc4 26. b3 Qf1 27. Qxf1 Bxf1 28. Nd1 e5 29. Bf2 Be2 30. Bg3 e4 31. Bxc7 Rac8 32. Bd6 Rf6 33. Be5 Rf5 0-1